Cogmind - Beta 15 @@@ ROGUE MODE // 2025.07.02 @ 19:39:00 Player: Cog on my mind Result: Destroyed by P-70 Sage with High-powered Shock Rifle Performance ------------- Evolutions (6) 3000 Regions Visited (24) 4800 Robots Destroyed (391) 1955 Value Destroyed (13145) 13145 Prototype IDs (51) 1020 Alien Tech Used (0) 0 Bonus (5589) 5589 TOTAL SCORE: 29509 Bonus ------- High Alert Combat Kills 1124 Follower Combat Kills 2035 Awakened Behemoth Slayer 1000 Network Hubs Disabled 200 Met Data Miner 300 Met Imprinter 300 Built Enhanced Grunts 300 Met R17 at Cetus 500 Friendly Fire -170 Cogmind --------- Core Integrity 0/1150 Matter 300/300 Energy 40/100 System Corruption 17% Temperature Cool (0) Movement Core (50) Location -4/Factory Parts ------- > --- POWER (2) -------- (None) > --- PROPULSION (6) --- (None) > --- UTILITY (8) ------ Advanced Signal Interpreter Advanced Melee Analysis Suite > --- WEAPON (3) ------- CR-A16's Behemoth Slayer (fused) > --- INVENTORY (5) ---- Advanced Transmission Jammer Advanced Trap Extractor (4/8 Dirty Bomb) Bomb Factory No. 2 Improved Plasma Cutter Peak State ------------ > --- POWER ------------ Quantum Reactor Quantum Reactor > --- PROPULSION ------- Flexi-carbon Leg Flexi-carbon Leg Thunder Leg Enhanced Flexi-carbon Leg Enhanced Flexi-carbon Leg Advanced VSS Leg > --- UTILITY ---------- High-capacity Storage Unit Advanced Melee Analysis Suite Advanced Melee Analysis Suite Advanced Transmission Jammer Centrium Medium Armor Plating Centrium Medium Armor Plating Advanced Hacking Suite Advanced Hacking Suite > --- WEAPON ----------- Phasing Sabre Phasing Sabre CR-A16's Behemoth Slayer > --- INVENTORY -------- Enhanced Flexi-carbon Leg Advanced Energy Well High-capacity Matter Pod Advanced Melee Analysis Suite Improved Actuator Array Centrium Medium Armor Plating Centrium Medium Armor Plating Centrium Medium Armor Plating Improved Shield Generator Dynamic Insulation System Mobile Refinery Mk. CCLXVII Advanced Trap Extractor Advanced Trap Extractor Sensor Drone Bay Bomb Factory No. 2 Phasing AFG KE Penetrator Long-range Missile Launcher Improved Plasma Cutter [Rating: 136] Favorites ----------- Power Improved Deuterium Engine Engine Improved Deuterium Engine Power Core Fission Core Reactor Quantum Reactor Propulsion Light Treads Treads Light Treads Leg Flexi-carbon Leg Wheel Armored Huge Wheel Hover Unit Cooled Airjet Utility High-capacity Storage Unit Device Sensor Drone Bay Storage High-capacity Storage Unit Processor Advanced Melee Analysis Suite Hackware Hacking Suite Protection Hardened Medium Armor Plating Weapon Improved Light Cannon Energy Gun High-powered Field Laser Energy Cannon Advanced Beam Cannon Ballistic Gun Precision Assault Rifle Ballistic Cannon Improved Light Cannon Launcher Precision Grenade Launcher Special Weapon Improved Plasma Cutter Impact Weapon Makeshift Hammer Slashing Weapon Phasing Sabre Piercing Weapon CR-A16's Behemoth Slayer Special Melee Weapon Advanced Datajack Build | -11 -10 -10 -9 -9 -8 -8 -7 -7 -7 -7 -7 -7 -6 -6 -6 -6 -6 -5 -5 -5 -5 -5 -5 -4 ------- Run | Yrd Mat Min Mat Min Mat Sto Fac Was Fac Low Low Dat Pro Fac Low Low Zio Pro Fac Ext Cet Arc Hub Fac Slots Evolved 12 | . . . 2 . 2 . 2 . . . . . . 2 . . . . 2 . . . . 2 Power 1 | . . . . . . . . . . . . . . . . . . . . . . . . 1 Propulsion 4 | . . . 1 . 1 . . . . . . . . 1 . . . . 1 . . . . . Utility 6 | . . . 1 . 1 . 1 . . . . . . 1 . . . . 1 . . . . 1 Weapon 1 | . . . . . . . 1 . . . . . . . . . . . . . . . . . Parts Attached 266 | 7 5 1 14 4 29 22 23 1 18 1 1 . 1 25 5 5 8 3 29 16 13 5 12 18 Power 24 | 1 1 . 3 . 1 1 4 . 2 . . . . 1 . 1 1 . 3 1 1 . . 3 Engine 13 | 1 1 . 3 . 1 1 3 . 2 . . . . . . 1 . . . . . . . . Core 3 | . . . . . . . 1 . . . . . . 1 . . 1 . . . . . . . Reactor 8 | . . . . . . . . . . . . . . . . . . . 3 1 1 . . 3 Propulsion 90 | 2 . 1 3 3 11 12 8 . 5 . . . 1 7 2 1 . . 11 9 2 1 7 4 Treads 42 | 2 . 1 3 3 8 12 6 . 3 . . . 1 1 . . . . . . 2 . . . Leg 40 | . . . . . . . . . . . . . . 5 2 1 . . 11 9 . 1 7 4 Wheel 6 | . . . . . 2 . 1 . 2 . . . . 1 . . . . . . . . . . Hover 2 | . . . . . 1 . 1 . . . . . . . . . . . . . . . . . Flight . | . . . . . . . . . . . . . . . . . . . . . . . . . Utility 92 | 2 2 . 6 1 8 4 4 . 4 1 . . . 11 1 3 5 1 11 4 7 3 4 10 Device 45 | 1 . . 1 1 2 1 2 . 3 . . . . 6 1 . 4 . 7 3 1 2 4 6 Storage 4 | 1 1 . 1 . . . . . . . . . . . . . . . . . . . . 1 Processor 10 | . 1 . . . . 1 2 . . . . . . 1 . 1 . . 2 . . . . 2 Hackware 6 | . . . . . . . . . 1 . . . . 1 . . . 1 1 1 . 1 . . Protection 27 | . . . 4 . 6 2 . . . 1 . . . 3 . 2 1 . 1 . 6 . . 1 Artifact . | . . . . . . . . . . . . . . . . . . . . . . . . . Weapon 60 | 2 2 . 2 . 9 5 7 1 7 . 1 . . 6 2 . 2 2 4 2 3 1 1 1 Energy Gun 10 | 1 . . . . 1 1 1 . 2 . . . . 2 . . . . 2 . . . . . Energy Cannon 3 | . . . . . 1 . . . 1 . . . . . . . . . 1 . . . . . Ballistic Gun 14 | 1 . . . . 1 4 . . 4 . . . . 2 . . . . . . 1 . 1 . Ballistic Cannon 12 | . 2 . 2 . 2 . 5 . . . . . . . 1 . . . . . . . . . Launcher 7 | . . . . . 3 . 1 1 . . . . . . . . . 1 . . 1 . . . Special Weapon 1 | . . . . . . . . . . . . . . . . . . . . . 1 . . . Impact Weapon 3 | . . . . . . . . . . . 1 . . 2 . . . . . . . . . . Slashing Weapon 5 | . . . . . 1 . . . . . . . . . 1 . 1 . . 2 . . . . Piercing Weapon 3 | . . . . . . . . . . . . . . . . . 1 1 1 . . . . . Special Melee Weapon 2 | . . . . . . . . . . . . . . . . . . . . . . 1 . 1 Unidentified Prototypes 30 | . . . 2 1 3 2 4 . 3 . . . . 1 . . 3 . 5 . 5 1 . . Parts Lost 95 | . 1 . . . 10 3 5 2 4 . . . 5 5 . 5 . 1 15 12 3 . . 24 Power 8 | . 1 . . . . . 1 . 1 . . . . . . . . . . 1 . . . 4 Propulsion 43 | . . . . . 4 1 2 1 1 . . . 1 3 . 1 . . 11 8 1 . . 9 Utility 27 | . . . . . 3 2 . . 2 . . . 1 1 . 2 . 1 3 2 2 . . 8 Weapon 17 | . . . . . 3 . 2 1 . . . . 3 1 . 2 . . 1 1 . . . 3 Highest Loss Streak 23 | . 1 . . . 4 1 2 2 1 . . . 3 2 . 3 . 1 5 5 3 . . 23 To Critical Strikes 2 | . . . . . . . . . . . . . . . . . . . . 1 . . . 1 Average Backups 16 | 1 10 14 17 19 19 19 17 11 8 15 15 15 13 15 18 18 18 17 17 18 17 17 18 17 Power . | . 1 2 1 1 1 1 . . . 2 1 1 1 . . . 1 1 1 . . 1 1 . Propulsion 3 | . . 1 6 7 6 6 4 1 . 2 2 2 1 2 4 5 5 5 1 . . 1 1 1 Utility 8 | . 2 4 4 6 8 8 9 6 5 6 6 6 6 7 9 9 9 9 10 12 12 12 13 13 Weapon 3 | . 5 5 5 4 4 3 4 3 2 5 5 6 4 5 5 3 2 2 3 4 3 1 1 1 Tool/Special . | . . . . . . . . . . . . . . . . . . . . . . . . . Unused Backups 75 | . . 2 12 1 5 8 10 10 1 . . . . 2 1 2 2 . 2 2 1 1 4 9 Power 8 | . . . 4 . 1 . . . . . . . . 1 . . . . 1 . . 1 . . Propulsion 20 | . . . 3 1 . 5 3 2 . . . . . . . 1 1 . . . . . 3 1 Utility 28 | . . 1 2 . 2 . 6 4 . . . . . 1 . . 1 . 1 1 . . 1 8 Weapon 19 | . . 1 3 . 2 3 1 4 1 . . . . . 1 1 . . . 1 1 . . . Tool/Special . | . . . . . . . . . . . . . . . . . . . . . . . . . Average Slot Usage (%) 93 | . 99 100 99 100 96 99 95 80 74 92 92 73 86 91 100 97 91 92 95 90 88 86 97 89 Engine 5 | . 13 14 11 11 9 9 6 7 6 7 7 7 7 . . 5 1 . . . . . . . Reactor 1 | . . . . . . . . . . . . . . . . . . . 3 4 5 5 5 8 Treads 14 | . 28 28 33 33 32 34 26 10 1 15 15 15 14 5 . . . . . . 9 11 2 . Leg 11 | . . . . . . . . . . . . . . 16 33 32 33 33 33 27 13 11 30 27 Wheel 2 | . . . . . 2 . 1 7 10 7 7 7 7 5 . . . . . . . . . . Device 7 | . . . 4 . . 9 8 15 10 14 14 15 9 5 20 12 6 8 8 10 . 3 2 6 Storage 7 | . 14 14 11 11 9 9 7 7 7 7 7 7 7 6 6 6 6 6 5 5 5 5 5 4 Processor 11 | . 13 14 11 11 9 9 19 15 9 7 7 7 7 8 6 12 11 6 13 15 11 11 11 12 Hackware 3 | . . . . . . . . . 4 7 7 7 7 7 . . . 2 6 6 5 7 11 9 Protection 4 | . . . 6 11 14 8 1 . . . . . . 5 5 6 6 6 2 . 16 9 7 2 Energy Gun 1 | . 1 . . . . . . . . . . . 5 11 10 . . . . . . . . . Ballistic Gun 4 | . 1 . . . . 15 9 . 9 23 22 4 3 3 1 5 . . . . . . . . Ballistic Cannon 6 | . 25 28 22 22 15 . 10 9 4 . . . 5 1 2 . . . . . . . . . Slashing Weapon 3 | . . . . . . . . . . . . . . . 4 6 13 12 7 5 10 11 10 8 Piercing Weapon 1 | . . . . . . . . . . . . . . . . . 5 6 7 9 5 5 5 5 Peak Build Rating 136 | 7 12 12 18 24 28 31 57 60 59 54 54 54 54 72 76 74 81 74 91 100 134 134 131 136 Average Rating 56 | 5 10 11 16 18 25 29 48 53 49 53 53 40 50 63 74 71 69 71 83 88 123 127 119 117 On Entrance 56 | . 7 12 12 17 20 27 30 57 45 54 54 54 54 50 71 74 65 70 74 82 100 134 131 116 Naked Turns . | . . . . . . . . . . . . . . . . . . . . . . . . . Heaviest Build 120 | 15 33 33 59 61 72 65 86 86 87 86 86 80 90 91 87 86 107 105 99 90 91 91 84 120 Greatest Support 160 | 40 40 40 60 63 83 83 80 28 56 28 28 28 28 95 95 86 86 86 108 120 160 160 160 141 Greatest Overweight (x) 7 | . . . . . 7 6 3 3 3 3 3 2 3 7 . . 1 1 1 3 1 . . 1 Average Overweight (x) . | . . . . . . . . 2 1 2 2 2 2 1 . . . . . . . . . . Largest Inventory Capacity 20 | 8 15 15 20 20 20 20 20 20 20 20 20 20 20 20 20 20 20 20 20 20 20 20 20 20 Average Capacity 19 | 7 13 15 18 20 20 20 20 19 20 20 20 20 20 20 20 20 20 20 20 20 20 20 20 19 Most Carried 20 | 2 15 15 20 20 20 20 20 20 17 20 20 19 20 20 20 20 20 20 20 20 20 20 20 20 Average Carried 18 | 1 10 14 17 19 19 19 19 13 10 19 19 19 18 19 19 19 19 19 18 19 19 19 19 18 Final Capacity 20 | 8 15 15 20 20 20 20 20 20 20 20 20 20 20 20 20 20 20 20 20 20 20 20 20 5 Final Carried 20 | 2 15 15 20 20 20 20 20 5 17 20 19 19 20 20 20 20 19 20 18 20 20 20 20 5 Class Distribution -------------------- 29% | Mutant 18% | Gunner 13% | Scavenger-Mutant 11% | Scavenger-Gladiator 11% | Derelict-Gladiator 4% | Hacker-Gladiator 3% | Scavenger-Gunner Dominant Class ---------------- Mutant | -10/Materials Mutant | -10/Mines Scavenger-Mutant | -9/Materials Mutant | -9/Mines Mutant | -8/Materials Scavenger-Mutant | -8/Storage Gunner | -7/Factory Gunner | -7/Waste Skirmisher | -7/Factory Gunner | -7/Lower Caves Gunner | -7/Lower Caves Mutant | -7/Data Miner Mutant | -6/Proximity Caves Scavenger-Tank | -6/Factory Scavenger-Mutant | -6/Lower Caves Mutant | -6/Lower Caves Derelict-Gladiator | -6/Zion Derelict-Gladiator | -5/Proximity Caves Derelict-Gladiator | -5/Factory Scavenger-Gladiator | -5/Extension Scavenger-Gladiator | -5/Cetus Scavenger-Gladiator | -5/Archives Scavenger-Gladiator | -5/Hub_04(d) Hacker-Gladiator | -4/Factory Resources | -11 -10 -10 -9 -9 -8 -8 -7 -7 -7 -7 -7 -7 -6 -6 -6 -6 -6 -5 -5 -5 -5 -5 -5 -4 ----------- Run | Yrd Mat Min Mat Min Mat Sto Fac Was Fac Low Low Dat Pro Fac Low Low Zio Pro Fac Ext Cet Arc Hub Fac Matter Collected 11200 | 264 463 143 728 260 1550 885 1650 . 980 263 239 . 354 533 235 220 294 195 411 538 200 90 210 495 Remotely 343 | . . . . . . . . . 343 . . . . . . . . . . . . . . . Salvage Created 15191 | 68 433 158 742 358 1850 1708 1650 . 1165 149 138 . 204 1176 68 263 . 450 1513 769 79 199 1149 902 Parts 827 | 4 42 14 45 14 120 97 102 . 80 7 6 . 7 26 . 14 . 21 67 39 3 15 67 37 Haulers Intercepted 29 | . 1 . 5 . 5 6 4 . 2 . . . . 2 . . . . 4 . . . . . Recyclers Shooed 13 | . . . 1 . 3 3 . . 3 . . . . 2 . . . . . 1 . . . . Parts Field Recycled . | . . . . . . . . . . . . . . . . . . . . . . . . . Retrieved Matter . | . . . . . . . . . . . . . . . . . . . . . . . . . Parts Self-Destructed 53 | . . . . . . . . . . 9 7 . 7 . 1 12 . 17 . . . . . . Prevented 16 | . . . . . . . . . . . 4 . 3 . . . . 9 . . . . . . Kills | -11 -10 -10 -9 -9 -8 -8 -7 -7 -7 -7 -7 -7 -6 -6 -6 -6 -6 -5 -5 -5 -5 -5 -5 -4 ------- Run | Yrd Mat Min Mat Min Mat Sto Fac Was Fac Low Low Dat Pro Fac Low Low Zio Pro Fac Ext Cet Arc Hub Fac Combat Hostiles Destroyed 270 | . 14 9 17 11 50 26 29 . 20 2 3 . 3 15 . 7 . 14 19 4 1 . 13 13 Melee 54 | . . . . . 1 . . . . . . . . 1 . 3 . 5 18 4 1 . 13 8 Guns 61 | . . . . . . 17 13 . 9 2 3 . 3 13 . 1 . . . . . . . . Cannons 115 | . 14 9 16 11 43 7 10 . 5 . . . . . . . . . . . . . . . AOE 34 | . . . . . 6 . 6 . 6 . . . . 1 . 3 . 8 . . . . . 4 Classes Destroyed 18 | 2 6 1 1 2 1 . 2 . . 1 . . . . . . . 1 . . . . . 1 Worker 21 | 1 1 . . . 6 1 . . 4 . . . . 4 . . . . 1 . . . 3 . Builder 10 | . . 1 . . 1 . 3 . 2 . . . . 1 . . . . . 1 . . 1 . Tunneler 9 | 2 . . . . 1 . 1 . 1 . . . . . . . . . 1 . . . 1 2 Hauler 29 | . 1 . 5 . 5 6 4 . 2 . . . . 2 . . . . 4 . . . . . Recycler 20 | . 1 . 1 . 2 1 3 . 3 . . . . 2 . . . . 1 3 . . 2 1 Minesweeper 5 | . . . . . . . . . . 1 . . 1 . 1 . . 2 . . . . . . Mechanic 1 | . . . . . . . . . . . . . . . . . . . . . . . . 1 Operator 10 | . 2 . . . 1 1 . . . . . . . . . . . . . 2 . 3 1 . Drone 4 | . . . . . . . 2 2 . . . . . . . . . . . . . . . . Watcher 14 | . 2 . 3 . 4 . 3 . . . . . . . . . . . . . . . 1 1 Swarmer 70 | . 6 6 4 . 11 3 8 . 7 . . . . 8 . . . 9 4 . . . . 4 Grunt 108 | . 8 3 7 8 25 8 11 . 7 1 2 . 2 1 . 4 . 3 8 . . . 7 3 Brawler 5 | . . . . 2 2 . 1 . . . . . . . . . . . . . . . . . Duelist 5 | . . . . 1 2 1 1 . . . . . . . . . . . . . . . . . Sentry 41 | . . . 6 . 9 14 2 . 2 1 . . . 2 . . . . . 3 . . 2 . Hunter 11 | . . . . . 1 . . . 1 . . . . 3 . 2 . . . 1 . . 1 2 Programmer 27 | . . . . . . . 7 . 3 . 1 . 1 1 . 1 . 1 6 . . . 3 3 Behemoth 3 | . . . . . . . . . . . . . . . . . . 1 1 . . . . 1 Cetus Guard 1 | . . . . . . . . . . . . . . . . . . . . . 1 . . . Enhanced Grunt 1 | . . . . . . . . . . . . . . . . . . . . . . 1 . . Packrat 1 | . . . . . . . . . . . . . . . 1 . . . . . . . . . Best Kill Streak 11 | 2 6 3 4 3 10 4 5 . 11 2 2 . 2 5 1 4 . 5 5 2 1 2 5 10 Combat Bots Only 10 | . 6 3 4 3 10 4 4 . 5 2 2 . 1 4 . 4 . 5 4 2 1 . 2 8 Max Kills in Single Turn 4 | 1 1 2 2 2 2 2 3 2 3 1 1 . 1 2 1 2 . 3 1 1 1 1 4 4 Gunslinging 1 | . . . . . . . . . 1 . . . . . . . . . . . . . . . Exploded 3 | . . . . . 2 . 3 . 3 . . . . 1 . 2 . 3 . . . . . 3 Melee 2 | . . . . . 1 . . . . . . . . 1 . 1 . 1 1 1 1 . 2 1 Uniques/NPCs Destroyed . | . . . . . . . . . . . . . . . . . . . . . . . . . Combat | -11 -10 -10 -9 -9 -8 -8 -7 -7 -7 -7 -7 -7 -6 -6 -6 -6 -6 -5 -5 -5 -5 -5 -5 -4 -------- Run | Yrd Mat Min Mat Min Mat Sto Fac Was Fac Low Low Dat Pro Fac Low Low Zio Pro Fac Ext Cet Arc Hub Fac Hostile Shots Fired 1856 | . 60 18 39 27 244 104 134 2 159 18 19 . 37 152 7 60 . 60 203 72 34 15 88 304 Missed 529 | . 18 4 15 8 62 28 40 . 50 6 7 . 10 32 4 12 . 37 51 23 10 8 20 84 Hits 1327 | . 42 14 24 19 182 76 94 2 109 12 12 . 27 120 3 48 . 23 152 49 24 7 68 220 Melee 17 | . . . . . 9 . 6 2 . . . . . . . . . . . . . . . . Projectile 1310 | . 42 14 24 19 173 76 88 . 109 12 12 . 27 120 3 48 . 23 152 49 24 7 68 220 AOE 4 | . . . . . . . 4 . . . . . . . . . . . . . . . . . Critical Strikes 57 | . . . 2 . 12 1 6 2 4 . 1 . . . . 1 . . 6 3 3 . 2 14 Part Disruptions 1 | . . . . . . . 1 . . . . . . . . . . . . . . . . . Damage Taken 23302 | . 427 134 323 225 2851 1118 2013 141 1275 110 189 . 491 1670 48 1063 . 396 2808 1465 673 224 1404 4254 Core 3108 | . 97 25 35 10 282 93 164 . 163 13 15 . 38 119 . 61 . 40 414 235 26 . 119 1159 Absorbed by Shields 708 | . . . . . . . . . . . . . . . . . . 60 126 90 73 . 125 234 Ignored by Resistances 312 | . . . . . . . . . . . . . . 125 . 54 . . 133 . . . . . Regen/Repaired (Parts) 900 | . . . . . . . . . . . . . . 214 . . 308 . 378 . . . . . Core Remaining (%) 58 | 100 . 51 . 88 . 31 . . . . . . 43 . . . . 74 . . . . 20 . Volleys Fired 668 | 5 44 14 45 25 163 102 86 7 70 9 11 . 26 36 1 9 . 3 1 5 . . 4 2 Largest 3 | 2 2 2 2 2 2 2 3 2 3 3 3 . 3 3 2 1 . 1 1 1 . . 1 1 Hottest 170 | 70 70 66 66 66 101 93 112 72 127 84 84 . 126 170 140 36 . 43 81 43 . . 33 43 Shots Fired 1333 | 10 87 28 90 51 301 203 181 12 137 27 34 . 44 103 2 9 . 3 1 4 . . 4 2 Gun 608 | 10 8 . . . 9 167 115 . 86 27 34 . 39 103 2 3 . . 1 . . . 4 . Cannon 680 | . 79 28 90 51 286 36 60 . 45 . . . 5 . . . . . . . . . . . Launcher 45 | . . . . . 6 . 6 12 6 . . . . . . 6 . 3 . 4 . . . 2 Special . | . . . . . . . . . . . . . . . . . . . . . . . . . Kinetic 1101 | 5 83 28 90 51 275 167 175 . 99 27 34 . 25 35 . 3 . . . . . . 4 . Thermal 187 | 5 4 . . . 20 36 . . 32 . . . 19 68 2 . . . 1 . . . . . Explosive 45 | . . . . . 6 . 6 12 6 . . . . . . 6 . 3 . 4 . . . 2 Electromagnetic . | . . . . . . . . . . . . . . . . . . . . . . . . . Robot Hit Streak 33 | 9 24 6 11 14 28 33 25 12 31 13 7 . 17 14 4 13 . 14 . . . . . . Robot Miss Streak 5 | . 3 1 3 2 2 2 4 . 2 1 2 . 5 4 . . . . . . . . . . Penetration Max . | . . . . . . . . . . . . . . . . . . . . . . . . . Secondary Targets 10 | . . . . . . 1 3 . 2 . . . . 4 . . . . . . . . . . Max Gunslinging Chain 1 | . . . . . . 1 1 . 1 . . . . 1 . . . . . . . . . . Shots Hit Robots 1186 | 9 50 20 60 28 212 150 123 7 100 20 22 . 30 83 3 17 . 20 87 26 5 13 38 63 Core Hits 527 | 3 22 11 26 14 107 51 63 4 49 6 6 . 8 28 1 18 . 14 30 13 3 4 27 19 Critical Kills 3 | . . . . . . 2 . . . . . . . 1 . . . . . . . . . . Critical Parts Destroyed 6 | . . . . . . . . . . . . . 1 5 . . . . . . . . . . Critical Strikes 81 | . 2 . 6 . 4 2 7 . . . . . 4 9 . . . 3 12 9 . 2 8 13 Burn 6 | . . . . . . . . . . . . . 3 3 . . . . . . . . . . Meltdown 2 | . . . . . . 2 . . . . . . . . . . . . . . . . . . Destroy 2 | . . . . . . . . . . . . . . 2 . . . . . . . . . . Blast 19 | . 2 . 6 . 4 . 7 . . . . . . . . . . . . . . . . . Smash 5 | . . . . . . . . . . . . . 1 4 . . . . . . . . . . Sever 28 | . . . . . . . . . . . . . . . . . . 3 8 4 . . 4 9 Impale 19 | . . . . . . . . . . . . . . . . . . . 4 5 . 2 4 4 Melee Attacks 387 | . . . . . 2 . 1 . . . 9 . 5 16 4 8 . 27 122 34 6 15 51 87 Impact 30 | . . . . . . . . . . . 9 . 5 16 . . . . . . . . . . Slashing 233 | . . . . . 2 . 1 . . . . . . . 4 8 . 21 86 20 2 3 33 53 Piercing 121 | . . . . . . . . . . . . . . . . . . 6 36 14 4 10 18 33 Sneak Attacks 49 | . . . . . . . . . . . . . . 6 2 . . 3 11 10 . 8 4 5 Combat Hostiles 4 | . . . . . . . . . . . . . . . . . . . 1 2 . . 1 . Follow-up Attacks 41 | . . . . . . . . . . . . . . . . . . 5 15 3 2 1 4 11 Damage Inflicted 39963 | 104 1062 404 1403 642 5958 2899 3751 1356 2969 442 538 . 701 2564 208 1052 . 1630 4078 1667 221 694 2372 3248 Guns 8915 | 104 65 . . . 86 2163 1618 . 1563 442 538 . 644 1586 23 62 . . . . . . 21 . Cannons 11194 | . 993 404 1393 642 4622 717 1623 . 800 . . . . . . . . . . . . . . . Explosions 6073 | . . . . . 1135 . 510 1356 529 . . . . 119 . 649 . 750 . 69 . . 510 446 Melee 13590 | . . . . . 37 . . . . . . . 57 859 185 341 . 880 4078 1598 221 694 1838 2802 Ramming 191 | . 4 . 10 . 78 19 . . 77 . . . . . . . . . . . . . 3 . Kinetic 16918 | 44 1033 404 1393 642 4329 2163 3241 . 1777 442 538 . 373 456 . 62 . . . . . . 21 . Thermal 3191 | 60 25 . . . 379 717 . . 586 . . . 271 1130 23 . . . . . . . . . Explosive 5396 | . . . . . 968 . 510 1356 529 . . . . 119 . 649 . 750 . 69 . . . 446 Electromagnetic 677 | . . . . . 167 . . . . . . . . . . . . . . . . . 510 . Impact 916 | . . . . . . . . . . . . . 57 859 . . . . . . . . . . Slashing 8932 | . . . . . 37 . . . . . . . . . 185 341 . 743 3223 1072 96 53 1282 1900 Piercing 3742 | . . . . . . . . . . . . . . . . . . 137 855 526 125 641 556 902 Highest Corruption 19 | . . . 1 1 . 2 3 17 19 16 18 18 19 2 2 1 1 . 7 19 14 11 4 17 Average Corruption 8 | . . . 1 1 . 1 2 10 15 16 17 18 18 1 1 1 1 . 5 10 11 6 1 4 Corruption Purged 31 | . . . . . . . 3 . 7 . . . . . 2 . . . . 5 3 11 . . Corruption Blocked . | . . . . . . . . . . . . . . . . . . . . . . . . . Effects 434 | . . . 4 10 . 7 34 6 78 45 49 6 64 9 1 6 1 . 27 52 16 8 2 9 Message Errors 104 | . . . . 5 . 2 9 . 14 11 13 5 12 3 . 1 . . 9 14 4 1 . 1 Matter Fused 101 | . . . . 1 . 3 11 2 14 14 8 1 18 3 . 3 1 . 4 13 3 1 . 1 Heat Flow Errors 55 | . . . 3 1 . 1 6 2 10 6 4 . 11 1 . 1 . . 2 2 1 . 1 3 Energy Discharges 48 | . . . . 1 . . 2 1 10 5 5 . 9 . . . . . 2 9 2 1 . 1 Parts Rejected 5 | . . . . . . . 1 . 2 . . . 1 . . . . . 1 . . . . . Parts Fused 5 | . . . . 1 . . . . 1 . . . . . . . . . 2 1 . . . . Data Loss (minor) 55 | . . . 1 . . 1 4 . 11 4 9 . 6 1 . 1 . . 4 5 5 1 1 1 Data Loss (major) 16 | . . . . . . . 1 . 2 1 1 . 2 1 1 . . . 2 2 1 2 . . Misfires 12 | . . . . 1 . . . . 3 1 4 . 3 . . . . . . . . . . . Alerts 15 | . . . . . . . . . 2 2 2 . 2 . . . . . 1 5 . 1 . . Misdirections 4 | . . . . . . . . . 1 . . . . . . . . . . . . 1 . 2 Weapon Failures 14 | . . . . . . . . 1 8 1 3 . . . . . . . . 1 . . . . Overload Shots . | . . . . . . . . . . . . . . . . . . . . . . . . . Overflow Damage 2553 | . 26 4 18 . 95 21 239 . 6 . . . 57 504 121 55 . 176 207 290 . 209 97 428 Projectiles 338 | . 26 4 18 . 45 21 224 . . . . . . . . . . . . . . . . . Explosions 149 | . . . . . 47 . 15 . 6 . . . . 28 . 20 . 21 . . . . 12 . Melee 2066 | . . . . . 3 . . . . . . . 57 476 121 35 . 155 207 290 . 209 85 428 Knockbacks 80 | . 15 2 8 6 36 . 8 . 1 . . . 1 3 . . . . . . . . . . Impact 5 | . . . . . 1 . . . . . . . 1 3 . . . . . . . . . . Kinetic 71 | . 15 2 6 6 34 . 7 . 1 . . . . . . . . . . . . . . . Secondary 4 | . . . 2 . 1 . 1 . . . . . . . . . . . . . . . . . Self-Inflicted Damage 555 | . . . . . 47 . 55 53 81 . . . . . . 244 . . . . . . 75 . Shots 12 | . . . . . 1 . 1 2 1 . . . . . . 6 . . . . . . 1 . Rammed 22 | . 1 . 1 . 7 2 . . 11 . . . . . . . . . . . . . . . Targets Rammed 26 | . 1 . 1 . 9 3 . . 11 . . . . . . . . . . . . . 1 . Kicked 1 | . . . . . . . . . . . . . . . . . . . . . . . 1 . Crushed 3 | . . . . . 2 1 . . . . . . . . . . . . . . . . . . Highest Temperature 450 | 36 60 51 231 158 380 251 327 174 269 245 230 . 365 450 15 148 . 8 213 147 274 . 103 186 Average Temperature 82 | 16 20 16 81 24 101 37 70 75 67 82 76 . 106 154 10 65 . 3 86 78 132 . 46 90 Received Heat Transfer 5025 | . 141 39 150 126 1323 468 531 . 300 45 81 . 171 117 . 189 . 60 580 74 89 45 222 274 Effects 20 | . . . . . 8 1 . . 6 . . . 5 . . . . . . . . . . . Shutdowns 2 | . . . . . 2 . . . . . . . . . . . . . . . . . . . Energy Bleed 3 | . . . . . 2 1 . . . . . . . . . . . . . . . . . . Interference 14 | . . . . . 3 . . . 6 . . . 5 . . . . . . . . . . . Short Circuit 1 | . . . . . 1 . . . . . . . . . . . . . . . . . . . Siege Activations . | . . . . . . . . . . . . . . . . . . . . . . . . . Martial Activations . | . . . . . . . . . . . . . . . . . . . . . . . . . Shielding Activations . | . . . . . . . . . . . . . . . . . . . . . . . . . Robots Disrupted 1 | . . . . . 1 . . . . . . . . . . . . . . . . . . . Combat Hostiles . | . . . . . . . . . . . . . . . . . . . . . . . . . Robots Corrupted 5 | . . . 1 . . . . . . . . . . 4 . . . . . . . . . . Combat Hostiles 1 | . . . 1 . . . . . . . . . . . . . . . . . . . . . Parts Fried 10 | . . . . . . 1 . . . . . . . 6 . . . . . . . . 3 . Impact Corruptions 17 | . . . 1 . 1 . . . . . . . 1 14 . . . . . . . . . . Robots Melted 2 | . . . . . . 2 . . . . . . . . . . . . . . . . . . Combat Hostiles 2 | . . . . . . 2 . . . . . . . . . . . . . . . . . . Parts Melted 17 | . 1 . . . . 6 . . . . . . . 7 . . . 3 . . . . . . Heat Transferred 5910 | 185 74 . . . 629 1184 . . 1100 . . . 666 2035 37 . . . . . . . . . Parts Sabotaged . | . . . . . . . . . . . . . . . . . . . . . . . . . Parts Stolen . | . . . . . . . . . . . . . . . . . . . . . . . . . Parts Stripped . | . . . . . . . . . . . . . . . . . . . . . . . . . Power Chain Reactions . | . . . . . . . . . . . . . . . . . . . . . . . . . Alert | -11 -10 -10 -9 -9 -8 -8 -7 -7 -7 -7 -7 -7 -6 -6 -6 -6 -6 -5 -5 -5 -5 -5 -5 -4 ------- Run | Yrd Mat Min Mat Min Mat Sto Fac Was Fac Low Low Dat Pro Fac Low Low Zio Pro Fac Ext Cet Arc Hub Fac Maximum Alert Level 4 | . . . 1 . 3 2 2 1 1 . . . . 1 . . . . 1 . . . 4 2 Low Security (%) 57 | 100 100 100 96 100 21 . 11 53 65 . . . . 79 . . . . 95 100 100 100 9 . Level 1 19 | . . . 3 . 8 45 69 46 34 . . . . 20 . . . . 4 . . . 8 . Level 2 17 | . . . . . 40 54 19 . . . . . . . . . . . . . . . 30 99 Level 3 5 | . . . . . 29 . . . . . . . . . . . . . . . . . 49 . Level 4 . | . . . . . . . . . . . . . . . . . . . . . . . 2 . Level 5 . | . . . . . . . . . . . . . . . . . . . . . . . . . High Security . | . . . . . . . . . . . . . . . . . . . . . . . . . Max Security . | . . . . . . . . . . . . . . . . . . . . . . . . . Peak Influence 1238 | 10 193 100 212 128 968 618 658 226 383 . . . . 283 . . . . 212 76 114 197 1238 603 Initial 603 | . 3 42 5 57 . 408 271 226 67 . . . . . . . . . 35 33 12 17 16 603 Average 232 | . 106 33 71 30 512 444 321 167 105 . . . . 75 . . . . 104 15 57 124 670 500 Influence Increases 11503 | 15 471 271 608 282 1633 900 1167 31 598 45 140 . 210 638 5 170 . 465 623 433 333 219 1776 470 Destroy 0b10 Robot/C 6160 | . 280 200 380 220 1000 520 580 . 400 40 60 . 60 300 . 140 . 280 380 220 160 80 600 260 Destroy 0b10 Robot/NC 640 | 15 35 5 55 . 100 45 70 . 60 5 . . 5 45 5 . . 10 35 35 10 15 65 25 Destroy Leader 1428 | . 66 40 120 40 228 182 154 . 104 . 20 . 10 74 . 30 . 40 78 42 . . 148 52 Allied During Kill 714 | . . 10 6 . . . 7 . . . . . . . . . . . . 46 144 94 407 . Trap Triggered on 0b10 90 | . . . 10 . . 30 . . . . . . . 20 . . . . 10 . . . 20 . Successful Hack 256 | . 24 . 16 . 35 24 41 . . . . . . 28 . . . . 17 22 . . 16 33 Select Force Hacks 30 | . 30 . . . . . . . . . . . . . . . . . . . . . . . Disable Machine 555 | . 15 . . . 75 60 45 . . . . . . 75 . . . . . . 15 30 225 15 Anti-Garrison Action 150 | . . . . . . . 150 . . . . . . . . . . . . . . . . . Destroy Structure 715 | . 6 1 6 7 90 9 75 31 34 . . . . 36 . . . . 28 68 4 . 280 40 Partial Spotted 30 | . . . . . . . . . . . . . . . . . . . . . . . 15 15 Lose Combat Pursuer 735 | . 15 15 15 15 105 30 45 . . . 60 . 135 60 . . . 135 75 . . . . 30 Influence Decreases 11044 | 10 368 363 476 430 665 1270 1118 581 317 423 140 . 210 402 241 170 . 408 611 478 313 217 590 1243 Entered New Map 2493 | . 2 66 11 91 . 560 327 421 30 141 . . . . 88 . . . 22 36 12 27 30 629 Time Decay 7099 | 10 356 276 445 287 565 530 691 60 257 282 140 . 200 342 153 140 . 398 449 305 219 190 430 374 Lost Part 810 | . 10 . . . 100 30 50 20 30 . . . 10 31 . 30 . 10 130 97 22 . . 240 Lost Ally 405 | . . 21 20 . . . 50 80 . . . . . 10 . . . . 10 24 60 . 130 . Purge Threat 237 | . . . . 52 . 150 . . . . . . . 19 . . . . . 16 . . . . Squads Dispatched 68 | . 4 . 2 . 8 6 11 . 8 . . . . 5 . . . . 7 1 . . 13 3 Investigation 14 | . 2 . 1 . 2 . . . . . . . . 1 . . . . 3 . . . 4 1 Extermination 18 | . . . . . . . 6 . 3 . . . . 2 . . . . 3 . . . 3 1 Reinforcement 27 | . 2 . 1 . 4 2 3 . 4 . . . . 2 . . . . 1 1 . . 6 1 Assault 4 | . . . . . 2 . 2 . . . . . . . . . . . . . . . . . Garrison 5 | . . . . . . 4 . . 1 . . . . . . . . . . . . . . . Intercept . | . . . . . . . . . . . . . . . . . . . . . . . . . Searches Triggered . | . . . . . . . . . . . . . . . . . . . . . . . . . Data Miner Redirects 3 | . . . . . . . . . . . . . . . . . . . 2 . . . 1 . Construction Impeded 4 | . . . . . 1 . . . 2 . . . . 1 . . . . . . . . . . Haulers Reinforced 5 | . . . . . . . 1 . 2 . . . . 1 . . . . 1 . . . . . Active Scanning Responses . | . . . . . . . . . . . . . . . . . . . . . . . . . Cargo Convoy Interrupts 1 | . . . . . . . . . . . . . . 1 . . . . . . . . . . Stealth | -11 -10 -10 -9 -9 -8 -8 -7 -7 -7 -7 -7 -7 -6 -6 -6 -6 -6 -5 -5 -5 -5 -5 -5 -4 --------- Run | Yrd Mat Min Mat Min Mat Sto Fac Was Fac Low Low Dat Pro Fac Low Low Zio Pro Fac Ext Cet Arc Hub Fac Distress Signals 21 | . 2 . 1 . 8 2 2 . . . . . . 2 . . . . . . 2 . . 2 Communications Jammed . | . . . . . . . . . . . . . . . . . . . . . . . . . Distress Signals . | . . . . . . . . . . . . . . . . . . . . . . . . . Times Spotted 459 | . 22 11 27 11 73 36 41 6 23 2 9 . 8 23 1 7 1 25 38 14 10 9 37 25 Peak Tracking Total 7 | . 4 3 5 3 5 6 4 6 4 2 4 . 2 4 1 4 1 5 6 3 5 2 4 7 Tactical Retreats 33 | . 1 1 1 1 3 2 2 . . . 2 . 7 2 1 . . 4 4 . . . . 2 Traps | -11 -10 -10 -9 -9 -8 -8 -7 -7 -7 -7 -7 -7 -6 -6 -6 -6 -6 -5 -5 -5 -5 -5 -5 -4 ------- Run | Yrd Mat Min Mat Min Mat Sto Fac Was Fac Low Low Dat Pro Fac Low Low Zio Pro Fac Ext Cet Arc Hub Fac Traps Triggered 20 | . 1 . 3 . 2 2 3 . 2 . . . . 1 . . . . 1 3 . . . 2 Indirectly . | . . . . . . . . . . . . . . . . . . . . . . . . . Trap Hack Attempts . | . . . . . . . . . . . . . . . . . . . . . . . . . Triggered . | . . . . . . . . . . . . . . . . . . . . . . . . . Disarmed . | . . . . . . . . . . . . . . . . . . . . . . . . . Reprogrammed 8 | . . . 4 . . 4 . . . . . . . . . . . . . . . . . . Reused 17 | . . . 1 . . 3 . . . . 1 . 3 2 . . . 4 1 . . . 2 . Traps Extracted 1 | . . . . . . . . . . . . . . . 1 . . . . . . . . . Installed 15 | . . . . . . . . . . . 1 . 3 2 . . . 4 2 . . . 3 . Triggered 17 | . . . 1 . . 3 . . . . 1 . 3 2 . . . 4 1 . . . 2 . Fabricated Traps 8 | . . . . . . . . . . . . . . . . . 2 . . 3 . . . 3 Most Traps Carried 8 | . . . . . . . . . . 3 3 2 5 4 4 4 6 8 6 7 7 7 7 5 Objects Rigged 4 | . . . . . 4 . . . . . . . . . . . . . . . . . . . Exploded 3 | . . . . . 3 . . . . . . . . . . . . . . . . . . . Machines | -11 -10 -10 -9 -9 -8 -8 -7 -7 -7 -7 -7 -7 -6 -6 -6 -6 -6 -5 -5 -5 -5 -5 -5 -4 ---------- Run | Yrd Mat Min Mat Min Mat Sto Fac Was Fac Low Low Dat Pro Fac Low Low Zio Pro Fac Ext Cet Arc Hub Fac Machines Disabled 40 | . 1 . 1 . 5 4 4 . . . . . . 5 . . . . . 1 1 2 15 1 Max in Single Turn 10 | . 1 . 1 . 1 1 1 . . . . . . 4 . . . . . 1 1 . 10 1 Garrison Access 4 | . . . . . . . 2 . . . . . . . . . . . . . . . . 2 Network Hub 1 | . . . . . . . . . . . . . . . . . . . . . . . 1 . Machines Repaired . | . . . . . . . . . . . . . . . . . . . . . . . . . Machines Dismantled 1 | . . . . . . . . . . . . . . . . . . . . . 1 . . . Machines Sabotaged . | . . . . . . . . . . . . . . . . . . . . . . . . . Overloaded Fab Kills . | . . . . . . . . . . . . . . . . . . . . . . . . . Hacking | -11 -10 -10 -9 -9 -8 -8 -7 -7 -7 -7 -7 -7 -6 -6 -6 -6 -6 -5 -5 -5 -5 -5 -5 -4 --------- Run | Yrd Mat Min Mat Min Mat Sto Fac Was Fac Low Low Dat Pro Fac Low Low Zio Pro Fac Ext Cet Arc Hub Fac Machines Accessed 91 | . 6 1 8 2 9 10 15 . 5 1 . 3 . 6 . 1 . . 9 5 1 . 5 4 Terminals 66 | . 5 1 8 1 6 9 10 . 4 . . . . 4 . 1 . . 5 5 1 . 5 1 Fabricators 5 | . . . . . . . 3 . . . . . . 1 . . . . . . . . . 1 Repair Stations 4 | . . . . . 1 . . . . . . . . 1 . . . . 2 . . . . . Recycling Units 2 | . 1 . . . . . . . . . . . . . . . . . 1 . . . . . Scanalyzers 1 | . . . . . 1 . . . . . . . . . . . . . . . . . . . Garrison Access 8 | . . . . . 1 1 2 . 1 . . . . . . . . . 1 . . . . 2 Total Hacks 272 | . 20 2 27 2 39 30 29 . 12 1 . 25 . 20 . 1 . . 20 17 2 . 18 7 Successful 157 | . 11 1 14 2 19 18 14 . 1 1 . 25 . 14 . 1 . . 11 6 . . 12 7 Failed 114 | . 8 1 13 . 20 12 15 . 11 . . . . 6 . . . . 9 11 2 . 6 . Catastrophic 17 | . . . 2 . 3 . 2 . 2 . . . . 1 . . . . 3 3 1 . . . Database Lockouts 1 | . 1 . . . . . . . . . . . . . . . . . . . . . . . Manual 157 | . 16 2 19 1 26 7 19 . 9 . . . . 15 . . . . 14 11 1 . 14 3 Terminals 208 | . 19 2 27 1 27 28 21 . 10 . . . . 18 . 1 . . 14 17 2 . 18 3 Fabricators 9 | . . . . . . . 6 . . . . . . 1 . . . . . . . . . 2 Repair Stations 5 | . . . . . 2 . . . . . . . . 1 . . . . 2 . . . . . Recycling Units 3 | . 1 . . . . . . . . . . . . . . . . . 2 . . . . . Scanalyzers 9 | . . . . . 9 . . . . . . . . . . . . . . . . . . . Garrison Access 11 | . . . . . 1 2 2 . 2 . . . . . . . . . 2 . . . . 2 Terminal Hacks 88 | . 8 . 8 2 7 14 4 . . 1 . 25 . 8 . 1 . . 2 3 . . 4 1 Record 7 | . . . . . . . . . . . . 6 . . . 1 . . . . . . . . Part Schematic 12 | . . . 1 . . . . . . . . 11 . . . . . . . . . . . . Robot Schematic 5 | . . . . . . . . . . . . 5 . . . . . . . . . . . . Robot Analysis 9 | . 5 . . . 4 . . . . . . . . . . . . . . . . . . . Prototype ID Bank 8 | . 3 . . . . 1 . . . . . 3 . 1 . . . . . . . . . . Open Door 5 | . . . . 1 . 3 . . . 1 . . . . . . . . . . . . . . Level Access Points 1 | . . . . . . . . . . . . . . . . . . . . . . . 1 . Branch Access Points 4 | . . . . . 1 . . . . . . . . 1 . . . . 1 . . . . 1 Emergency Access Points 2 | . . . 1 . . . . . . . . . . . . . . . . . . . 1 . Terminal Index 3 | . . . 1 . 1 . . . . . . . . . . . . . . . . . 1 . Fabricator Index 1 | . . . . . . . . . . . . . . 1 . . . . . . . . . . Alert Level 3 | . . . . . . 1 1 . . . . . . . . . . . . 1 . . . . Unreport Threat 4 | . . . . 1 . 1 . . . . . . . 1 . . . . . 1 . . . . Locate Traps 5 | . . . 2 . . 2 1 . . . . . . . . . . . . . . . . . Reprogram Traps 3 | . . . 1 . . 2 . . . . . . . . . . . . . . . . . . Recall Investigation 1 | . . . . . . . . . . . . . . 1 . . . . . . . . . . Recall Extermination 1 | . . . . . . . . . . . . . . 1 . . . . . . . . . . Recall Reinforcements 1 | . . . . . . . . . . . . . . 1 . . . . . . . . . . Hauler Manifests 4 | . . . 1 . . 1 1 . . . . . . 1 . . . . . . . . . . Registered Components 1 | . . . . . . 1 . . . . . . . . . . . . . . . . . . Zone Layout 8 | . . . 1 . 1 2 1 . . . . . . . . . . . 1 1 . . 1 . Fabricator Hacks 3 | . . . . . . . 2 . . . . . . . . . . . . . . . . 1 Network Status 2 | . . . . . . . 1 . . . . . . . . . . . . . . . . 1 Build 1 | . . . . . . . 1 . . . . . . . . . . . . . . . . . Repair Station Hacks 1 | . . . . . 1 . . . . . . . . . . . . . . . . . . . Scan Component 1 | . . . . . 1 . . . . . . . . . . . . . . . . . . . Recycling Unit Hacks 2 | . . . . . . . . . . . . . . . . . . . 2 . . . . . Retrieve Matter 1 | . . . . . . . . . . . . . . . . . . . 1 . . . . . Retrieve Components 1 | . . . . . . . . . . . . . . . . . . . 1 . . . . . Scanalyzer 6 | . . . . . 6 . . . . . . . . . . . . . . . . . . . Insert Component 3 | . . . . . 3 . . . . . . . . . . . . . . . . . . . Analyze 3 | . . . . . 3 . . . . . . . . . . . . . . . . . . . Garrison Access Hacks 3 | . . . . . . . 1 . . . . . . . . . . . . . . . . 2 Seal Access 3 | . . . . . . . 1 . . . . . . . . . . . . . . . . 2 Unauthorized Hacks 54 | . 3 1 6 . 5 4 7 . 1 . . . . 6 . . . . 7 3 . . 8 3 Terminals 46 | . 2 1 6 . 5 4 4 . 1 . . . . 5 . . . . 5 3 . . 8 2 Track 13 | . . 1 2 . 1 1 1 . . . . . . 1 . . . . 3 1 . . 1 1 Assimilate 1 | . . . . . . . 1 . . . . . . . . . . . . . . . . . Botnet 22 | . 2 . 3 . 2 2 2 . 1 . . . . 3 . . . . 2 2 . . 2 1 Detonate 1 | . . . . . 1 . . . . . . . . . . . . . . . . . . . Operators 5 | . . . 1 . 1 1 . . . . . . . 1 . . . . . . . . 1 . Sabotage 4 | . . . . . . . . . . . . . . . . . . . . . . . 4 . Fabricators 4 | . . . . . . . 3 . . . . . . . . . . . . . . . . 1 Report 1 | . . . . . . . 1 . . . . . . . . . . . . . . . . . Liberate 1 | . . . . . . . 1 . . . . . . . . . . . . . . . . . Haulers 1 | . . . . . . . 1 . . . . . . . . . . . . . . . . . Recompile 1 | . . . . . . . . . . . . . . . . . . . . . . . . 1 Repair Stations 3 | . . . . . . . . . . . . . . 1 . . . . 2 . . . . . Patch 3 | . . . . . . . . . . . . . . 1 . . . . 2 . . . . . Recycling Units 1 | . 1 . . . . . . . . . . . . . . . . . . . . . . . Tunnel 1 | . 1 . . . . . . . . . . . . . . . . . . . . . . . Scanalyzers . | . . . . . . . . . . . . . . . . . . . . . . . . . Garrison Access . | . . . . . . . . . . . . . . . . . . . . . . . . . Data Cores Recovered 2 | . 1 . . . . . . . . . . . . . . . . . . 1 . . . . Used . | . . . . . . . . . . . . . . . . . . . . . . . . . Hacking Detections 70 | . 5 1 7 . 8 8 13 . 5 . . . . 5 . . . . 7 5 2 . 3 1 Full Trace Events 1 | . . . . . 1 . . . . . . . . . . . . . . . . . . . Feedback Events . | . . . . . . . . . . . . . . . . . . . . . . . . . Feedback Blocked . | . . . . . . . . . . . . . . . . . . . . . . . . . Robot Schematics Acquired 5 | . . . . . . . . . . . . 5 . . . . . . . . . . . . Robots Built . | . . . . . . . . . . . . . . . . . . . . . . . . . Authchips . | . . . . . . . . . . . . . . . . . . . . . . . . . Time . | . . . . . . . . . . . . . . . . . . . . . . . . . Total Robot Build Rating . | . . . . . . . . . . . . . . . . . . . . . . . . . Part Schematics Acquired 15 | . . . 1 . 3 . . . . . . 11 . . . . . . . . . . . . Parts Built 2 | . . . . . . . 2 . . . . . . . . . . . . . . . . . Authchips . | . . . . . . . . . . . . . . . . . . . . . . . . . Time 53 | . . . . . . . 53 . . . . . . . . . . . . . . . . . Total Part Build Rating 12 | . . . . . . . 12 . . . . . . . . . . . . . . . . . Parts Repaired . | . . . . . . . . . . . . . . . . . . . . . . . . . Time . | . . . . . . . . . . . . . . . . . . . . . . . . . Parts Recycled . | . . . . . . . . . . . . . . . . . . . . . . . . . Recycled Matter . | . . . . . . . . . . . . . . . . . . . . . . . . . Retrieved Matter . | . . . . . . . . . . . . . . . . . . . . . . . . . Retrieved Components 7 | . . . . . . . . . . . . . . . . . . . 7 . . . . . Parts Scanalyzed 3 | . . . . . 3 . . . . . . . . . . . . . . . . . . . Part Schematics Acquired 3 | . . . . . 3 . . . . . . . . . . . . . . . . . . . Parts Damaged . | . . . . . . . . . . . . . . . . . . . . . . . . . Bothacking | -11 -10 -10 -9 -9 -8 -8 -7 -7 -7 -7 -7 -7 -6 -6 -6 -6 -6 -5 -5 -5 -5 -5 -5 -4 ------------ Run | Yrd Mat Min Mat Min Mat Sto Fac Was Fac Low Low Dat Pro Fac Low Low Zio Pro Fac Ext Cet Arc Hub Fac Used RIF Installer . | . . . . . . . . . . . . . . . . . . . . . . . . . Robots Hacked 3 | . . . . . . . . . . . . . . . . . . . . . . 2 . 1 Non-combat 2 | . . . . . . . . . . . . . . . . . . . . . . 1 . 1 Combat 1 | . . . . . . . . . . . . . . . . . . . . . . 1 . . Robot Hacks Applied 3 | . . . . . . . . . . . . . . . . . . . . . . 2 . 1 parse_system 1 | . . . . . . . . . . . . . . . . . . . . . . 1 . . find_chute 1 | . . . . . . . . . . . . . . . . . . . . . . . . 1 check_alert 1 | . . . . . . . . . . . . . . . . . . . . . . 1 . . Relay Couplers Released 4 | . . . . . . . 4 . . . . . . . . . . . . . . . . . Machine Destruction 4 | . . . . . . . 4 . . . . . . . . . . . . . . . . . Fabnet Peak Effective % . | . . . . . . . . . . . . . . . . . . . . . . . . . Robots Rewired 8 | . . . . . . . . . . . . . . . . . . . . 8 . . . . Allies Hacked 1 | . . . . . . . . . . . . . . . . . . . . 1 . . . . Hacks Repelled 1 | . . . . . . . . . . . . . . . . . . . . 1 . . . . Allies | -11 -10 -10 -9 -9 -8 -8 -7 -7 -7 -7 -7 -7 -6 -6 -6 -6 -6 -5 -5 -5 -5 -5 -5 -4 -------- Run | Yrd Mat Min Mat Min Mat Sto Fac Was Fac Low Low Dat Pro Fac Low Low Zio Pro Fac Ext Cet Arc Hub Fac Total Allies 23 | . . 3 . . . . 3 . . . . . . . . . . . . 12 5 . . . Largest Group 12 | . . 3 1 . . . 3 . . . . . . . . . . . . 9 12 6 4 . Highest-Rated Group 788 | . . 40 16 . . . 48 . . . . . . . . . . . . 367 788 574 319 . Highest-Rated Ally 159 | . . 16 16 . . . 16 . . . . . . . . . . . . 159 159 159 96 . Total Orders 29 | . . . . 1 . . 3 . 2 1 2 . 3 4 2 4 1 1 1 2 . . 2 . STAY 4 | . . . . . . . 2 . 1 . . . . . . . . . . 1 . . . . FOLLOW 2 | . . . . . . . 1 . . . . . . . . . . . . 1 . . . . EXPLORE 3 | . . . . . . . . . . . . . 1 . . . . . . . . . 2 . RETURN 20 | . . . . 1 . . . . 1 1 2 . 2 4 2 4 1 1 1 . . . . . Ally Attacks 294 | . . 11 10 . . . 8 . . . . . . . . . . . . 57 66 47 95 . Total Damage 8497 | . . 127 113 . . . 84 . . . . . . . . . . . . 1230 1829 1519 3595 . Kills 50 | . . 1 4 . . . . . . . . . . . . . . . . 8 12 4 21 . Allies Corrupted . | . . . . . . . . . . . . . . . . . . . . . . . . . Allies Melted . | . . . . . . . . . . . . . . . . . . . . . . . . . Intel | -11 -10 -10 -9 -9 -8 -8 -7 -7 -7 -7 -7 -7 -6 -6 -6 -6 -6 -5 -5 -5 -5 -5 -5 -4 ------- Run | Yrd Mat Min Mat Min Mat Sto Fac Was Fac Low Low Dat Pro Fac Low Low Zio Pro Fac Ext Cet Arc Hub Fac Active Infowar (turns) 11645 | 23 49 . . . 2 . 2814 132 1431 970 993 113 1455 500 . . 128 441 1021 1094 . . . 479 Optics 10254 | . . . . . . . 2611 132 1431 970 993 113 1455 500 . . . . 955 1094 . . . . Sensors 334 | . . . . . . . . . . . . . . . . . . . . . . . . 334 Traps 2 | . . . . . 2 . . . . . . . . . . . . . . . . . . . Seismic 912 | 23 49 . . . . . 271 . . . . . . . . . 128 441 . . . . . . Jamming 215 | . . . . . . . . . . . . . . 1 . . . . 68 . . . . 146 Robot Analysis Total 9 | . 5 . . . 4 . . . . . . . . . . . . . . . . . . . Derelict Logs Recovered 13 | . . 1 . 1 . . . . . 2 1 . 2 . 1 2 1 2 . . . . . . Drone Launches 74 | . . . . 1 . . 7 13 9 1 3 . 4 5 9 6 2 1 6 . . . 7 . Drone Recoveries 51 | . . . . 1 . . 4 3 9 1 3 . 4 4 8 6 2 1 3 . . . 2 . Exploration | -11 -10 -10 -9 -9 -8 -8 -7 -7 -7 -7 -7 -7 -6 -6 -6 -6 -6 -5 -5 -5 -5 -5 -5 -4 ------------- Run | Yrd Mat Min Mat Min Mat Sto Fac Was Fac Low Low Dat Pro Fac Low Low Zio Pro Fac Ext Cet Arc Hub Fac Turns Passed 27642 | 106 917 890 1466 1260 2078 1494 2815 132 1492 970 993 113 1469 1145 925 1210 1002 1166 1661 1537 480 380 1073 868 Spaces Moved 16266 | 51 466 514 763 706 931 677 1462 78 897 679 694 83 1003 665 723 958 729 867 1007 819 189 160 649 496 Core 22 | 4 . . . . . . . . . . . . . . . . . . . . . . . 18 Treads 5327 | 47 466 514 763 706 728 634 1035 . . . . . . . . . . . . . 155 160 119 . Legs 6399 | . . . . . . . . . . . . . . 254 723 958 729 867 1007 819 34 . 530 478 Wheels 4518 | . . . . . 203 43 427 78 897 679 694 83 1003 411 . . . . . . . . . . Hover . | . . . . . . . . . . . . . . . . . . . . . . . . . Flight . | . . . . . . . . . . . . . . . . . . . . . . . . . Fastest Speed 50 | 50 160 160 160 160 110 160 130 130 115 130 130 130 130 110 114 114 114 114 114 120 120 160 115 50 Average Speed 135 | 151 160 160 160 160 153 160 157 138 127 130 130 130 130 126 114 114 114 114 118 140 153 160 123 113 Slowest Speed 330 | 160 160 160 160 160 240 240 243 145 145 145 145 130 145 195 114 114 188 188 190 330 240 160 160 120 Overloaded Moves . | . . . . . . . . . . . . . . . . . . . . . . . . . Propulsion Burnouts . | . . . . . . . . . . . . . . . . . . . . . . . . . Robots Hopped . | . . . . . . . . . . . . . . . . . . . . . . . . . Potential Cave-ins 11 | . . . . . . . . 2 . . . . 2 . . . . . . 7 . . . . Cave-ins Triggered 2 | . . . . . . . . . . . . . . . . . . . . 2 . . . . Exploration Rate (%) 68 | 5 87 99 68 98 84 93 51 80 23 89 81 73 89 19 96 95 83 92 24 68 63 75 66 16 Regions Visited 24 Branch Regions 15 Pre-discovered Areas 5 | . 1 . . . . . . . . . . 1 1 . . 1 1 . . . . . . . Known Exits Taken 12 | . . . 1 . 1 . . . 1 1 1 . 1 1 1 1 . 1 1 . . . 1 . Unknown Exits Taken 10 | 1 1 1 . 1 . 1 . . . . . 1 . . . . 1 . . 1 1 1 . . Scrap Searched 24 | . . 1 . 4 . . . . . 3 1 . 3 . 4 4 3 1 . . . . . . Spaces Dug 307 | . 1 . . 1 2 . 14 . 4 . 9 . 6 1 2 . . 19 14 69 . . 159 6 Terrain Destroyed 664 | . 5 1 4 7 82 . 89 51 29 . 9 . 10 36 2 18 . 41 14 88 . . 159 19 Melee 46 | . . . . . 1 . 1 . . . 9 . 2 1 2 . . 2 14 2 . . 6 6 Projectile 65 | . 5 1 4 7 11 . 19 . 7 . . . 8 2 . . . . . . . . 1 . AOE 553 | . . . . . 70 . 69 51 22 . . . . 33 . 18 . 39 . 86 . . 152 13 Terrain Rammed . | . . . . . . . . . . . . . . . . . . . . . . . . . Walls Destroyed . | . . . . . . . . . . . . . . . . . . . . . . . . . Machines Disabled . | . . . . . . . . . . . . . . . . . . . . . . . . . Actions | -11 -10 -10 -9 -9 -8 -8 -7 -7 -7 -7 -7 -7 -6 -6 -6 -6 -6 -5 -5 -5 -5 -5 -5 -4 --------- Run | Yrd Mat Min Mat Min Mat Sto Fac Was Fac Low Low Dat Pro Fac Low Low Zio Pro Fac Ext Cet Arc Hub Fac Total 20162 | 66 550 555 929 787 1276 936 1853 89 1121 745 749 88 1124 875 814 1055 904 1006 1323 1151 365 268 847 686 Wait 1899 | 2 20 22 58 45 84 93 187 1 101 53 22 . 68 83 71 52 139 92 143 212 123 80 99 49 Move 16242 | 50 465 513 762 705 930 676 1462 77 896 678 693 82 1002 664 722 957 728 866 1006 816 188 159 649 496 Hop . | . . . . . . . . . . . . . . . . . . . . . . . . . Pick Up 205 | 2 11 2 21 2 18 12 25 . 13 3 3 . 8 15 3 9 5 4 13 10 6 1 8 11 Fast Attach 174 | 7 3 . 4 1 16 10 16 1 14 . . 3 1 16 3 1 6 . 17 14 9 7 9 16 Attach 98 | . 1 . 2 . 11 3 7 2 5 . . . 4 12 . 6 6 3 14 6 3 1 3 9 Detach 36 | . 3 . 1 . 1 1 1 . 4 . . . . 7 . . 5 2 5 . 2 1 1 2 Swap 160 | . 1 1 10 4 16 10 29 . 3 2 6 . 4 3 5 6 2 12 18 2 7 . 11 8 Drop 271 | . 1 3 25 5 26 26 39 1 4 . 4 3 3 21 5 7 13 2 14 10 15 7 16 21 Fire 668 | 5 44 14 45 25 163 102 86 7 70 9 11 . 26 36 1 9 . 3 1 5 . . 4 2 Melee 311 | . . . . . 2 . 1 . . . 9 . 5 16 4 8 . 18 90 27 4 12 43 72 Ram 12 | . . . . . 1 . . . 11 . . . . . . . . . . . . . . . Kick . | . . . . . . . . . . . . . . . . . . . . . . . . . Crush 13 | . 1 . 1 . 8 3 . . . . . . . . . . . . . . . . . . Escape Stasis 12 | . . . . . . . . . . . . . . . . . . . . 12 . . . . Rewire 37 | . . . . . . . . . . . . . . . . . . . . 37 . . . . Trap 15 | . . . . . . . . . . . 1 . 3 2 . . . 4 2 . . . 3 . Miscellaneous 9 | . . . . . . . . . . . . . . . . . . . . . 8 . 1 . Route ------- -11/Scrapyard -10/Materials (discovered 3 exits: *Mat x2 / *Min) -10/Mines (discovered 4 exits: *Mat x2 / [*Exi] / [*Sub]) -9/Materials (discovered 3 exits: *Mat x2 / *Min) -9/Mines (discovered 2 exits: *Mat x2) -8/Materials (discovered 3 exits: *Fac x2 / *Sto) -8/Storage (discovered 2 exits: *Fac / [Rec]) -7/Factory (discovered 2 exits: *Fac / *Low) -7/Waste -7/Factory (discovered 3 exits: *Fac x2 / *Low) -7/Lower Caves -7/Lower Caves (discovered 2 exits: *Fac / *Dat) -7/Data Miner -6/Proximity Caves -6/Factory (discovered 2 exits: *Low x2) -6/Lower Caves -6/Lower Caves (discovered 2 exits: *Fac / *Zio) -6/Zion -5/Proximity Caves -5/Factory (discovered 4 exits: *Upp x2 / *Ext x2) -5/Extension (discovered 2 exits: *Fac / *Cet) -5/Cetus (discovered 2 exits: *Fac / [*Arc]) -5/Archives (discovered 3 exits: *Fac / *Hub x2) -5/Hub_04(d) (discovered 4 exits: *Fac x4) -4/Factory (discovered 3 exits: Upp x2 / Arm) History --------- Turn | Location | Event 37 | -11/Scrapyard | Discovered new exit (range 16) 107 | -11/Scrapyard | Entered Materials 337 | -10/Materials | Build established: Mutant 360 | -10/Materials | Discovered new exit (range 15) 643 | -10/Materials | Discovered new exit (range 10) 951 | -10/Materials | Central database locked down 979 | -10/Materials | Discovered new exit (range 11) 1024 | -10/Materials | Entered Mines 1101 | -10/Mines | Discovered new exit (range 7) 1140 | -10/Mines | Found a Scrap Suit stashed away for nefarious purposes 1144 | -10/Mines | Found Scrap Suit 1159 | -10/Mines | Discovered new exit (range 15) 1515 | -10/Mines | Assisted by bots powering up and referring to "LRC-V3" 1534 | -10/Mines | Deemed a non-threat by the Exiles lab entrance 1534 | -10/Mines | Discovered new exit (range 5) 1749 | -10/Mines | Discovered new exit (range 15) 1756 | -10/Mines | Received a Rocket Launcher from a helpful Derelict 1914 | -10/Mines | Entered Materials 1914 | -9/Materials | Accompanied by 1 ally 1914 | -9/Materials | Evolved 2 slots: Propulsion x1, Utility x1 1915 | -9/Materials | Identified exit to Mines 2719 | -9/Materials | Discovered new exit (range 10) 2951 | -9/Materials | Build established: Scavenger-Mutant 3015 | -9/Materials | Discovered new exit (range 15) 3380 | -9/Materials | Entered Mines 3472 | -9/Mines | Learned Materials terminal intel 3706 | -9/Mines | Discovered new exit (range 8) 4127 | -9/Mines | Discovered new exit (range 14) 4128 | -9/Mines | Build established: Mutant 4174 | -9/Mines | Found the Drone Emporium 4182 | -9/Mines | Found Prototype Device 4182 | -9/Mines | Identified Sensor Drone Bay 4640 | -9/Mines | Entered Materials 4640 | -8/Materials | Evolved 2 slots: Propulsion x1, Utility x1 4641 | -8/Materials | Loaded intel: 12 terminal locations 5096 | -8/Materials | Identified exit to Storage 5667 | -8/Materials | Lost 4 parts (1n2u1w) 5672 | -8/Materials | Destroyed 10 combat bots 5808 | -8/Materials | Discovered new exit (range 15) 5840 | -8/Materials | First assault squad dispatched 6370 | -8/Materials | Lost 3 parts (2n1w) 6446 | -8/Materials | Discovered new exit (range 13) 6701 | -8/Materials | Core integrity fell below 50% 6718 | -8/Materials | Entered Storage 6905 | -8/Storage | Discovered new exit (range 13) 7117 | -8/Storage | Build established: Scavenger-Mutant 7516 | -8/Storage | Garrison activated, responded to threat 7766 | -8/Storage | Garrison activated, responded to threat 8132 | -8/Storage | Discovered new exit (range 15) 8212 | -8/Storage | Entered Factory 8212 | -7/Factory | Evolved 2 slots: Utility x1, Weapon x1 8504 | -7/Factory | Build established: Scavenger-Gunner 9041 | -7/Factory | Discovered new exit (range 11) 9069 | -7/Factory | Identified exit to Factory 9248 | -7/Factory | Fabricated Mass Driver? 9631 | -7/Factory | Build established: Gunner 10483 | -7/Factory | Discovered new exit (range 11) 10522 | -7/Factory | Identified exit to Lower Caves 10868 | -7/Factory | Lost 3 allies 11027 | -7/Factory | Sucked down chute 11027 | -7/Factory | Entered Waste 11042 | -7/Waste | EMP discharged 11051 | -7/Waste | Spotted C-40 Crusher 11056 | -7/Waste | Spotted C-40 Crusher 11065 | -7/Waste | Spotted C-40 Crusher 11076 | -7/Waste | Spotted C-40 Crusher 11087 | -7/Waste | Spotted C-40 Crusher 11090 | -7/Waste | Spotted C-40 Crusher 11107 | -7/Waste | Crushed by Compactor (1 part destroyed, 1 dropped) 11115 | -7/Waste | Crushed by Compactor (1 part destroyed, 1 dropped) 11136 | -7/Waste | Lost 10 allies 11142 | -7/Waste | EMP discharged 11142 | -7/Waste | System corruption reached 10% 11146 | -7/Waste | Discovered new exit (range 11) 11159 | -7/Waste | Entered Factory 11967 | -7/Factory | Build established: Skirmisher 12001 | -7/Factory | Discovered exit to Factory (range 6) 12561 | -7/Factory | Garrison activated, responded to threat 12607 | -7/Factory | Discovered exit to Factory (range 14) 12627 | -7/Factory | Discovered exit to Lower Caves (range 3) 12635 | -7/Factory | Build established: Gunner 12651 | -7/Factory | Entered Lower Caves 12678 | -7/Lower Caves | Encountered a Warlord checkpoint 12699 | -7/Lower Caves | Learned Factory emergency access door positions 12990 | -7/Lower Caves | Attracted the attention of an 0b10 checkpoint 13176 | -7/Lower Caves | Learned Factory terminal intel 13528 | -7/Lower Caves | Discovered new exit (range 10) 13571 | -7/Lower Caves | Identified exit to Lower Caves 13621 | -7/Lower Caves | Entered another Lower Caves area 13730 | -7/Lower Caves | Discovered exit to Factory (range 17) 13880 | -7/Lower Caves | Core integrity fell below 50% 14011 | -7/Lower Caves | P-60 Hacker assimilated allied 9G-XJV(S) 14410 | -7/Lower Caves | Learned Factory terminal intel 14491 | -7/Lower Caves | Discovered new exit (range 11) 14612 | -7/Lower Caves | Identified exit to Data Miner 14614 | -7/Lower Caves | Entered Data Miner 14614 | -7/Data Miner | Discovered new exit (range 6) 14635 | -7/Data Miner | Met Data Miner 14669 | -7/Data Miner | Learned location of Section 7 (-2) 14669 | -7/Data Miner | Acquired the access code to Warlord's prototype stash 14689 | -7/Data Miner | Received God Mode back door access code from Data Miner 14727 | -7/Data Miner | Entered Proximity Caves 14779 | -6/Proximity Caves | Spotted B-75 Beast 14814 | -6/Proximity Caves | Learned Factory stockpile data 14983 | -6/Proximity Caves | Lost 3 parts (3w) 15257 | -6/Proximity Caves | Build established: Mutant 15375 | -6/Proximity Caves | Learned location of Zion (-6) 16128 | -6/Proximity Caves | Discovered exit to Factory (range 18) 16196 | -6/Proximity Caves | Entered Factory 16196 | -6/Factory | Evolved 2 slots: Propulsion x1, Utility x1 16199 | -6/Factory | Loaded intel: 26 terminal locations 16618 | -6/Factory | Identified exit to Lower Caves 17142 | -6/Factory | Cargo convoy interrupted 17288 | -6/Factory | Build established: Scavenger-Tank 17341 | -6/Factory | Entered Lower Caves 17625 | -6/Lower Caves | Identified exit to Lower Caves 17783 | -6/Lower Caves | Build established: Scavenger-Mutant 17903 | -6/Lower Caves | Attacked by a delusional Derelict stockpiling parts 18105 | -6/Lower Caves | Encountered a Warlord checkpoint 18266 | -6/Lower Caves | Entered another Lower Caves area 18310 | -6/Lower Caves | Lost 3 parts (1n1u1w) 18381 | -6/Lower Caves | Discovered new exit (range 14) 18404 | -6/Lower Caves | Identified exit to Factory 18486 | -6/Lower Caves | Build established: Mutant 18969 | -6/Lower Caves | Encountered a Warlord checkpoint 19326 | -6/Lower Caves | Discovered new exit (range 9) 19333 | -6/Lower Caves | Learned Factory stockpile data 19352 | -6/Lower Caves | Identified exit to Zion 19476 | -6/Lower Caves | Entered Zion 19498 | -6/Zion | Found CR-A16's Pointy Stick 19521 | -6/Zion | Discovered new exit (range 15) 19578 | -6/Zion | Received a hallucinogenic algorithm 19644 | -6/Zion | System corruption cleaned by Quarantine Array 19766 | -6/Zion | Found Prototype Device 19766 | -6/Zion | Identified Phasing AFG 19789 | -6/Zion | Build established: Derelict-Gladiator 19921 | -6/Zion | Learned location of Quarantine (-2) 19956 | -6/Zion | Met Imprinter 20042 | -6/Zion | Found Prototype Device 20042 | -6/Zion | Identified Bomb Factory No. 2 20158 | -6/Zion | Found Prototype Device 20158 | -6/Zion | Identified Mobile Refinery Mk. CCLXVII 20478 | -6/Zion | Entered Proximity Caves 20718 | -5/Proximity Caves | Attracted the attention of an 0b10 base 21037 | -5/Proximity Caves | Spotted B-75 Beast 21102 | -5/Proximity Caves | Revealed the true nature of CR-A16's Pointy Stick 21105 | -5/Proximity Caves | Destroyed B-75 Beast 21472 | -5/Proximity Caves | Learned Factory emergency access door positions 21473 | -5/Proximity Caves | Learned Factory interactive machine intel 21525 | -5/Proximity Caves | Discovered exit to Factory (range 6) 21644 | -5/Proximity Caves | Entered Factory 21644 | -5/Factory | Evolved 2 slots: Propulsion x1, Utility x1 21645 | -5/Factory | Identified exit to Upper Caves 21648 | -5/Factory | Loaded intel: 55 interactive machine locations 21649 | -5/Factory | Loaded intel: 27 terminal locations 21672 | -5/Factory | Discovered new exit (range 10) 21684 | -5/Factory | Identified exit to Extension 21726 | -5/Factory | Found Prototype Launcher 21920 | -5/Factory | Spotted B-75 Beast 22006 | -5/Factory | Destroyed B-75 Beast 22341 | -5/Factory | Lost 5 parts (1n3u1w) 22408 | -5/Factory | Incoming investigation squad redirected 22589 | -5/Factory | Discovered exit to Upper Caves (range 9) 23105 | -5/Factory | Incoming investigation squad redirected 23220 | -5/Factory | Build established: Hacker-Gladiator 23305 | -5/Factory | Entered Extension 23430 | -5/Extension | Lost 5 parts (4n1u) 23879 | -5/Extension | Core integrity fell below 50% 23883 | -5/Extension | P-70 Sage assimilated allied UK-OTW(h) 24105 | -5/Extension | Spotted B-75 Beast 24106 | -5/Extension | Rescued a captive Derelict 24399 | -5/Extension | Crushed by falling debris 24400 | -5/Extension | System corruption reached 10% 24405 | -5/Extension | Crushed by falling debris 24430 | -5/Extension | Lost 3 parts (1n1u1w) 24450 | -5/Extension | Rescued A7 24531 | -5/Extension | Build established: Scavenger-Gladiator 24637 | -5/Extension | Rescued a captive Derelict 24659 | -5/Extension | Rescued a captive Derelict 24671 | -5/Extension | Rescued a captive Derelict 24805 | -5/Extension | Discovered new exit (range 10) 24806 | -5/Extension | Discovered new exit (range 6) 24842 | -5/Extension | Entered Cetus 24842 | -5/Cetus | Accompanied by 9 allies (A7) 24847 | -5/Cetus | Acquired a Cetus Manufacturing Module code from A7 24861 | -5/Cetus | Spotted Cetus Guard 24862 | -5/Cetus | Spotted Cetus Guard 24865 | -5/Cetus | Spotted Cetus Guard 24865 | -5/Cetus | Spotted Cetus Guard 24872 | -5/Cetus | Allies destroyed Cetus Guard 24879 | -5/Cetus | Destroyed Cetus Guard 24888 | -5/Cetus | Allies destroyed Cetus Guard 24889 | -5/Cetus | Allies destroyed Cetus Guard 24918 | -5/Cetus | Lost 3 parts (1n2u) 24974 | -5/Cetus | Started Cetus Manufacturing Module 24999 | -5/Cetus | Manufactured an Enhanced Grunt 25024 | -5/Cetus | Manufactured an Enhanced Grunt 25049 | -5/Cetus | Manufactured an Enhanced Grunt 25074 | -5/Cetus | Manufactured an Enhanced Grunt 25099 | -5/Cetus | Manufactured an Enhanced Grunt 25121 | -5/Cetus | Discovered new exit (range 15) 25149 | -5/Cetus | Spotted Cetus Guard 25150 | -5/Cetus | Spotted Cetus Guard 25154 | -5/Cetus | Spotted Cetus Guard 25155 | -5/Cetus | Spotted Cetus Guard 25163 | -5/Cetus | Discovered new exit (range 16) 25170 | -5/Cetus | Allies destroyed Cetus Guard 25177 | -5/Cetus | Allies destroyed Cetus Guard 25180 | -5/Cetus | Allies destroyed Cetus Guard 25182 | -5/Cetus | Allies destroyed Cetus Guard 25188 | -5/Cetus | Met Revision 17 25194 | -5/Cetus | Identified Rocket Array 25212 | -5/Cetus | Lost 6 allies 25242 | -5/Cetus | Found Prototype Device 25242 | -5/Cetus | Identified Exp. Thermal Shield 25322 | -5/Cetus | Entered Archives 25322 | -5/Archives | Accompanied by 6 allies (A7) 25368 | -5/Archives | Discovered new exit (range 16) 25427 | -5/Archives | Discovered new exit (range 13) 25674 | -5/Archives | Discovered new exit (range 14) 25702 | -5/Archives | Entered Hub_04(d) 25702 | -5/Hub_04(d) | Accompanied by 4 allies 25963 | -5/Hub_04(d) | Discovered new exit (range 5) 26101 | -5/Hub_04(d) | Identified exit to Factory 26387 | -5/Hub_04(d) | Incoming investigation squad redirected 26744 | -5/Hub_04(d) | Network Hub disabled 26746 | -5/Hub_04(d) | Spotted Lightning 26775 | -5/Hub_04(d) | Entered Factory 26775 | -4/Factory | Evolved 2 slots: Power x1, Utility x1 26857 | -4/Factory | Spotted B-86 Titan 26869 | -4/Factory | Destroyed B-86 Titan 27326 | -4/Factory | Identified exit to Upper Caves 27326 | -4/Factory | Identified exit to Armory 27578 | -4/Factory | Destroyed 8 combat bots 27602 | -4/Factory | Core integrity fell below 50% 27604 | -4/Factory | System corruption reached 10% 27624 | -4/Factory | Core integrity fell below 20% 27643 | -4/Factory | Destroyed by P-70 Sage with High-powered Shock Rifle Last Messages --------------- 27602_ U-05 Engineer builds a Wall. 27603_ U-05 Engineer lays Concrete. 27603_ Enh. Flexi-carbon Leg destroyed. 27604_ U-05 Engineer lays Concrete. 27607_ U-05 Engineer builds a Wall. 27608_ Penetrated by Slug. 27608_ Adv. Hacking Suite destroyed. 27608_ U-05 Engineer lays Concrete. 27609_ H-77 Assassin destroyed. 27609_ U-05 Engineer lays Concrete. 27611_ System corrupted: Energy discharge (-86). 27611_ U-05 Engineer lays Concrete. 27627_ U-05 Engineer destroyed. 27628_ Destroyed Hpw. Shock Rifle. 27628_ U-05 Engineer lays Concrete. 27630_ Adv. Energy Well destroyed. 27630_ U-05 Engineer lays Concrete. 27630_ P-70 Sage destroyed. 27630_ U-05 Engineer lays Concrete. 27638_ U-05 Engineer destroyed. Map ----- +----------------------------------------------------+ | ?????????????????????????????????????????????????? | | ?????????????????????????????????????????????????? | | ?????????????????????????????????????????????????? | | ?????????????????????????????????????????????????? | | ?????????????????????????????????????????????????? | | ?????????????????????????????????????????????????? | | ?????????????????????????????????????????????????? | | ?????????????????????????????????????????????????? | | ?????????????????????????????????????????????????? | | ?????????????????????????????????????????????????? | | ???????????????????????pp ?????????????????????? | | ??????????????????????# #????????????????????? | | ??????????????????????# #????????????????????? | | ??????????????????????#w #????????????????????? | | ??????????????????????# #????????????????????? | | ??????????????????????# #????????????????????? | | ??????????????????????# #????????????????????? | | ??????????????????????# #????????????????????? | | ??????????????????????# #????????????????????? | | ??????????????????????# #????????????????????? | | ??????????????????????+ k #????????????????????? | | ??????????????????????# #??###???????????????? | | ??????????????????????# #? #???????????????? | | ??????????????????????# #? !#???????????????? | | ??????????????????????# # #???????????????? | | ??????????????????????# @ # #???????????????? | | ??????????????????????# + #???????????????? | | ??????????????????????# # "#???????????????? | | ??????????????????????# # T#########???????? | | ??????????????????????# #? "## #???????? | | ???????????????????#### R #? ## #???????? | | ???????????????????######p######### [=*#???????? | | ???????????????????# = % #?# !*= #???????? | | ??????????????????## % "" #?####+###???????? | | ??????????????????# *%[! " * #????#[#?????????? | | ??????????????????# % = =%!##???# #?????????? | | ??????????????????# ! w!% ! #???# #?????????? | | ??????????????????# !!=! % ##???# ########### | | ?????????????#######/!& u = #????# | | ?????????????# %#!%=! #????# | | ?????????????# *[#*!!! #????# | | ?????????????# !=%+%!%= & #????#### | | ?????????????# #[=[= "" "" #???????# | | ?????????????# &% #=! ""G"" #???????# | | ?????????????# ###################### | | ?????????????# #?????????????# | | ?????????????# #?????######### | | ?????????????# = #?????# # | | ?????????????# #?????#"" !# """ | | ?????????????# #?????#"" # """"" | +----------------------------------------------------+ Best States ------------- Heat Dissipation 59 Coolant Potential 65 Energy Generation 45 Energy Capacity 600 Matter Stores 300 Matter Capacity 300 Sight Range 22 Robot Scan Range 16 Terrain Scan Density 10 Jamming Range 16 Power Amplification 20 Armor Coverage 825 Resistance: KI 30 Resistance: EM 15 Evasion (%) 82 Targeting Accuracy 8 Melee Accuracy 16 Core Analysis 6 Recoil Reduction 4 Energy Filtering 50 Kinecelleration 30 Offensive Hacking 28 Defensive Hacking 14 Authchip Count 1 Trap Extractor Capacity 8 Item Schematics ----------------- Huge Storage Unit | -9/Materials | Hacked Imp. Weapon Shielding | -8/Materials | Scanalyzed Seismic Detector | -8/Materials | Scanalyzed Hrd. Medium Armor Plating | -8/Materials | Scanalyzed Combat Drone Bay | -7/Data Miner | Free Lgt. Regenerative Plating | -7/Data Miner | Free Biomechanical Wings | -7/Data Miner | Free Gravity Neutralizer | -7/Data Miner | Free Scatter Rocket Array | -7/Data Miner | Free Arm. Medium Treads | -7/Data Miner | Free Lyr. Heavy Armor Plating | -7/Data Miner | Free KE Penetrator | -7/Data Miner | Free Imp. Kinecellerator | -7/Data Miner | Free Adv. Power Amplifier | -7/Data Miner | Free Centrium Wheel | -7/Data Miner | Free Robot Schematics ------------------ D-53 Grenadier | -7/Data Miner | Free L-41 Fighter | -7/Data Miner | Free A-15 Conveyor | -7/Data Miner | Free G-47 Trooper | -7/Data Miner | Free R-10 Processor | -7/Data Miner | Free Fabricated ------------ Mass Driver | x2 | -7/Factory | Preloaded Repaired ---------- Nothing Alien Tech Used ----------------- None Achievements -------------- None Challenges ------------ None Game ------ Seed IntegrityProcessingRifle Manual? 0 Play Time 03:48:45 Cumulative 475.8 hours Start 2025.07.01 @ 17:07:04 End 2025.07.02 @ 19:39:00 Sessions 5 Manual Loads 0 Difficulty Rogue Special Mode None Game No. 107 Rogue 107 Adventurer 0 Explorer 0 Win Type - Total 35 Types 17/1/8/1/1/0/3/2/1/1 Lore% 90 Gallery% 79 Achievement% 81 Wizard Run 0 Options --------- Layout 1 ASCII 0 Keyboard 0 Movement Mouse Keybinds 0 Fullscreen 1 Font 24/Smallcaps Map View 50x35 Zoom Use 0% Tactical HUD 1 Map Filters NONE Filters NONE Steam 1 RUN: 48946699-3bcc-4037-bd36-c1ef88847ebd